 Dungeon Crawl Stone Soup version 0.21.0 (webtiles) character file.

105323 Coron the Severer (level 15, -1/148 HPs)
             Began as a Deep Dwarf Ice Elementalist on Jan 6, 2018.
             Was the Champion of Trog.
             Slain by an ettin
             ... wielding a +0 dire flail
             ... summoned by an orange crystal statue
              (29 damage)
             ... on level 1 of the Orcish Mines on Jan 7, 2018.
             The game lasted 01:48:16 (23546 turns).

Coron the Severer (Deep Dwarf Ice Elementalist)    Turns: 23546, Time: 01:48:17

Health: -1/148     AC: 32    Str: 18      XL:     15   Next: 94%
Magic:  2/17       EV:  8    Int: 13 (16) God:    Trog [******]
Gold:   2050       SH:  6    Dex: 13      Spells: 18/18 levels left

rFire    . . .     SeeInvis +   H - +3 broad axe (vamp)
rCold    . . .     Gourm    .   g - +0 buckler (curse)
rNeg     + . .     Faith    .   C - +3 plate armour {MR+}
rPois    +         Spirit   .   Q - +2 helmet
rElec    .         Reflect  .   N - +1 cloak {+Inv}
rCorr    .         Harm     .   Y - +2 pair of gloves
MR       +++++                  R - +2 pair of boots {Stlth+}
Stlth    ..........             (no amulet)
HPRegen  1.00/turn              o - ring of see invisible
MPRegen  0.15/turn              w - ring of poison resistance

@: non-regenerating
A: damage resistance, heal wounds, negative energy resistance 1, sense
surroundings 2, no regeneration
a: Heal Wounds, Berserk, Trog's Hand, Brothers in Arms, Burn Spellbooks,
Renounce Religion, Evoke Invisibility


You were on level 1 of the Orcish Mines.
You worshipped Trog.
Trog was exalted by your worship.
You were hungry.

You visited 3 branches of the dungeon, and saw 22 of its levels.
You also visited: Labyrinth and Ice Cave.

You collected 2340 gold pieces.
You spent 290 gold pieces at shops.

Inventory:

Hand Weapons
 H - a +3 vampiric broad axe (weapon)
 J - a +7 antimagic war axe
Missiles
 y - 5 throwing nets
 B - 29 tomahawks (quivered)
 F - 4 poisoned tomahawks
Armour
 g - a cursed +0 buckler (worn)
 k - the +10 large shield of Ignorance {rN+ Int-4}
   (You found it on level 1 of the Orcish Mines)

   It affects your intelligence (-4).
   It protects you from negative energy.
 z - a scarf of cloud immunity
 C - a +3 plate armour of magic resistance (worn)
 L - +0 fire dragon scales
 N - a +1 cloak of invisibility (worn)
 Q - a +2 helmet (worn)
 R - a +2 pair of boots of stealth (worn)
 Y - a +2 pair of gloves (worn)
Jewellery
 d - an uncursed ring of resist corrosion
 o - a ring of see invisible (left hand)
 r - an uncursed ring of flight
 w - a ring of poison resistance (right hand)
Wands
 q - a wand of iceblast (28)
 t - a wand of enslavement (34)
 u - a wand of acid (14)
 v - a wand of digging (16)
 A - a wand of disintegration (14)
 O - a wand of paralysis (14)
 S - a wand of flame (43)
 T - a wand of clouds (2)
Scrolls
 e - 4 scrolls of blinking
 i - a scroll of fear
 l - 11 scrolls of remove curse
 m - a scroll of brand weapon
 p - 14 scrolls of teleportation
 s - a scroll of holy word
 E - a scroll of identify
 G - 3 scrolls of fog
 I - a scroll of vulnerability {unknown}
 U - a scroll of random uselessness {unknown}
 X - a scroll of silence {unknown}
Potions
 a - 7 potions of resistance
 f - a potion of invisibility
 h - 6 potions of brilliance
 j - 3 potions of might
 n - 10 potions of curing
 x - 6 potions of agility
 K - 9 potions of heal wounds
 P - 4 potions of berserk rage
 V - a potion of ambrosia
Books
 D - a book of Dreams

   Spells                             Type                      Level
   a - Ensorcelled Hibernation        Hexes/Ice                    2
   b - Borgnjor's Vile Clutch         Necromancy/Earth             5
   c - Silence                        Hexes/Air                    5
   d - Darkness                       Hexes                        6
   e - Shadow Creatures               Summoning                    6
   Trog disapproves of the use of such an item.
Miscellaneous
 b - a lamp of fire
 M - a lightning rod (4/4)
Comestibles
 c - 48 rations


   Skills:
 - Level 13.2 Fighting
   Level 5.6 Long Blades
 + Level 17.4(17.5) Axes
   Level 3.0(10.5) Polearms
 + Level 12.6 Armour
 - Level 5.0 Dodging
 - Level 2.9 Stealth
 - Level 8.0 Shields
 - Level 2.0 Spellcasting
   Level 0.8 Conjurations
   Level 3.0 Ice Magic
 + Level 12.5 Evocations


You had 18 spell levels left.
You didn't know any spells.

Dungeon Overview and Level Annotations

Branches:
Dungeon (15/15)            Temple (0/1) D:5            Lair (6/6) D:8
 Shoals (0/4) Lair:4       Spider (0/4) Lair:4        Slime (0/5) Lair:6
    Orc (1/2) D:12         Vaults (0/5) D:14         Depths (0/5) D:15

Altars:
Cheibriados
Dithmenos
Fedhas
Nemelex Xobeh
Ru
Trog
Xom
Beogh
Jiyva

Shops:
D:8 (*   D:13 *

Annotations:
D:3 Sigmund
Lair:2 exclusion: 4 oklob plants
Orc:1 1 runed door, exclusion: 4 orange crystal statues
Abyss:1 Joseph; Natasha


Innate Abilities, Weirdness & Mutations

You are resistant to damage.
You can heal yourself by infusing magical energy.
You resist negative energy. (rN+)
You passively map the area around you.
You do not regenerate.


Message History

The ettin hits you with a dire flail!
* * * LOW HITPOINT WARNING * * *
The orc warrior hits you but does no damage.
You block the orc's attack.
The orc priest mumbles some strange prayers to Beogh against you.
Beogh smites you!
* * * LOW HITPOINT WARNING * * *
Your skin crawls.
You feel resistant to hostile enchantments.
You are feeling hungry.
The orc warrior hits you with a hand axe.
The ettin hits you but does no damage. The ettin hits you with a dire flail!!
* * * LOW HITPOINT WARNING * * *
The orc warrior hits you from afar with a halberd.
* * * LOW HITPOINT WARNING * * *
The orc barely misses you. The orc priest barely misses you.
You feel much better.
The orc warrior hits you with a hand axe.
The ettin hits you with a dire flail!!
You die...

.###...............# #.........
..................## #.........
..............#...######.........
.#....)..........................
....)#......####+####)...........
............#8.....8#))..........
##..#.......#.#...#.#.)........#.
#.........#.#...o.o.#.........#..
##.##..###..#...@...#............
#####.##...#..ooC..#............
#.......#.#...#.#............
##.##...#8.....8#............
#####..####'####............
##......................
##.###....#............
##...#...........#.#....
#........#.#........#...


You could see an ettin, 2 orc warriors, an orc priest and an orc.

Vanquished Creatures
  A frost giant (D:15)
  A very ugly thing (D:11)
  Snorg (Orc:1)
  A fire dragon (Lair:6)
  Fannar (Lair:2)
  The ghost of Aaeron the Stormcaller, a journeyman TeAE of Sif Muna (Lair:3)
  5 hydras
  4 vault guards (D:14)
  The ghost of Jeremor the Cleaver, a novice HOFi of Okawaru (D:8)
  3 centaur warriors
  3 two-headed ogres
  A queen ant (Lair:2)
  A sixfirhy (D:9)
  A fire crab (shapeshifter) (D:15)
  7 skeletal warriors
  An unseen horror (D:14)
  A swamp dragon (Lair:6)
  2 wizards (D:11)
  A necromancer (IceCv)
  An orb spider (Lair:4)
  A wolf spider zombie (D:14)
  2 orc knights
  2 deep elf magi
  An orc sorcerer (Orc:1)
  The ghost of athros the Envoy of Void, a novice DsAK of Lugonu (D:6)
  4 cyclopes
  29 ugly things
  5 elephants (Lair:3)
  2 guardian serpents (D:14)
  A black mamba (Lair:4)
  Maurice (D:13)
  2 ice statues (IceCv)
  13 spiny frogs
  A kobold demonologist (D:12)
  6 komodo dragons
  4 gargoyles
  3 rime drakes
  2 efreet
  A freezing wraith (D:15)
  11 ice devils
  5 trolls
  6 meliai
  2 queen bees
  11 polar bears
  Grinder (D:5)
  2 raiju (Lair:6)
  7 dream sheep (Lair:6)
  6 blink frogs
  10 hippogriffs
  15 slime creatures
  A snapping turtle (Lair:4)
  2 shadows
  3 hungry ghosts
  54 yaks
  8 basilisks
  3 wyverns
  A wraith (D:11)
  3 vampire mosquitoes (D:15)
  2 steam dragons
  7 wargs
  15 soldier ants (Lair:2)
  19 water moccasins
  2 acid dragons (Lair:6)
  9 porcupines
  13 hell hounds (Lair:6)
  12 black bears
  4 swamp drakes (Lair:6)
  An eye of draining (D:8)
  8 ogres
  3 phantoms
  3 ice beasts
  22 orc warriors
  19 wolves
  24 centaurs
  23 crocodiles
  2 big kobolds
  16 bullfrogs
  3 wyvern skeletons
  A water moccasin skeleton (D:8)
  5 scorpions
  66 killer bees
  11 wights
  5 howler monkeys
  An electric eel (Lair:4)
  4 centaur zombies
  9 crimson imps
  The ghost of MetaCosm the Firebug, a weakling DEFE (D:3)
  A bullfrog zombie (D:12)
  4 draconian simulacra (IceCv)
  6 jellies
  6 hounds
  14 orc priests
  A centaur skeleton (D:7)
  12 orc wizards
  3 bullfrog skeletons
  2 iguanas
  4 hell rats (Lair:3)
  34 worker ants
  2 troll simulacra (IceCv)
  A centaur simulacrum (IceCv)
  A hound zombie (D:10)
  A hound skeleton (D:9)
  3 gnolls (D:9)
  A worker ant zombie (D:10)
  2 ogre simulacra (IceCv)
  13 adders
  A naga simulacrum (IceCv)
  A shadow imp (D:7)
  An adder skeleton (D:5)
  An adder zombie (D:9)
  3 worms
  4 dart slugs
  5 leopard geckos
  68 orcs
  3 ball pythons
  6 bats
  4 giant cockroaches
  9 goblins
  6 hobgoblins
  5 jackals
  16 kobolds
  2 quokkas
  3 frilled lizards
  A leopard gecko skeleton (D:7)
  A quokka skeleton (D:6)
  8 rats
  A fungus (Lair:5)
  5 plants
845 creatures vanquished.

Vanquished Creatures (others)
  A minotaur (Lab)
  A two-headed ogre (D:10)
  A cyclops (D:11)
  2 yaks (D:11)
  A sky beast (D:11)
  2 ice beasts
  A phantom (D:5)
  An ogre (D:7)
  3 centaurs
  A scorpion (D:10)
  2 killer bees (D:9)
  A bullfrog zombie (D:6)
  A hound (D:9)
  A jelly (D:5)
  2 orc wizards
  An orc priest (D:7)
  A bullfrog skeleton (D:10)
  2 hell rats (Lair:3)
  A quokka (D:2)
  A frilled lizard (D:2)
  10 fungi
  13 plants
50 creatures vanquished.

Grand Total: 895 creatures vanquished

Notes
Turn   | Place    | Note
-------+----------+-------------------------------------------
     0 | D:1      | Coron the Deep Dwarf Ice Elementalist began the quest for the Orb.
     0 | D:1      | Reached XP level 1. HP: 15/15 MP: 3/3
   226 | D:1      | Reached XP level 2. HP: 22/22 MP: 2/4
   950 | D:2      | Found a bloodstained altar of Trog.
   951 | D:2      | Reached XP level 3. HP: 24/30 MP: 6/6
   981 | D:2      | Became a worshipper of Trog the Wrathful
   993 | D:2      | Reached skill level 1 in Armour
  1026 | D:2      | Found a snail-covered altar of Cheibriados.
  1048 | D:2      | Reached skill level 1 in Fighting
  1563 | D:3      | Noticed MetaCosm's ghost (weakling DEFE)
  1588 | D:3      | Killed MetaCosm's ghost
  1588 | D:3      | Reached XP level 4. HP: 22/39 MP: 7/7
  1619 | D:3      | Noticed Natasha
  1646 | D:3      | Banished Natasha
  1655 | D:3      | Reached skill level 1 in Polearms
  1700 | D:3      | Reached * piety under Trog
  1969 | D:3      | Noticed Sigmund
  2246 | D:4      | Reached XP level 5. HP: 13/45 MP: 8/8
  2307 | D:4      | Noticed a troll
  2316 | D:4      | Killed a troll
  2316 | D:4      | Reached XP level 6. HP: 35/56 MP: 9/9
  2528 | D:4      | Found a sacrificial altar of Ru.
  2787 | D:5      | Entered Level 5 of the Dungeon
  2787 | D:5      | Noticed an ice beast
  2872 | D:5      | Reached XP level 7. HP: 28/62 MP: 10/10
  2927 | D:5      | Found a blossoming altar of Fedhas.
  2950 | D:5      | Reached skill level 5 in Armour
  2996 | D:5      | Noticed Grinder
  3104 | D:5      | Killed Grinder
  3136 | D:5      | Found a staircase to the Ecumenical Temple.
  3250 | D:5      | Reached skill level 5 in Fighting
  3409 | D:6      | Reached XP level 8. HP: 33/74 MP: 11/11
  3469 | D:6      | Noticed athros's ghost (novice DsAK)
  3505 | D:6      | Reached ** piety under Trog
  3926 | D:7      | Noticed a hippogriff
  4095 | D:7      | Killed a hippogriff
  4256 | D:7      | Noticed Joseph
  4345 | D:7      | Banished Joseph
  4345 | D:7      | Gained mutation: You passively map the area around you. [Deep Dwarf growth]
  4345 | D:7      | Reached XP level 9. HP: 62/86 MP: 12/12
  4485 | D:7      | You fall through a shaft!
  5102 | D:8      | Found Gompyabe's Weapon Shop.
  5120 | D:8      | Noticed a two-headed ogre
  5228 | D:8      | Reached *** piety under Trog
  5258 | D:8      | Found Vehotefefi's Assorted Antiques.
  5527 | D:8      | Noticed Jeremor's ghost (novice HOFi)
  5540 | D:8      | Reached skill level 10 in Armour
  5900 | D:8      | Found a staircase to the Lair.
  5908 | D:8      | Reached skill level 1 in Evocations
  6213 | D:9      | Reached XP level 10. HP: 74/96 MP: 13/13
  6286 | D:9      | Found a sparkling altar of Nemelex Xobeh.
  6323 | D:9      | Reached skill level 1 in Long Blades
  6637 | D:9      | Noticed a two-headed ogre
  6644 | D:9      | HP: 3/96 [two-headed ogre/giant club (18)]
  6647 | D:9      | Killed a two-headed ogre
  6694 | D:9      | Found a runed door.
  6699 | D:9      | Noticed a sixfirhy
  7143 | D:9      | Reached skill level 5 in Dodging
  7158 | D:10     | Entered Level 10 of the Dungeon
  7163 | D:10     | Noticed a two-headed ogre
  7168 | D:10     | Banished a two-headed ogre
  7168 | D:10     | Reached skill level 5 in Evocations
  7237 | D:10     | Reached **** piety under Trog
  7627 | D:10     | Noticed a gargoyle
  7633 | D:10     | Killed a gargoyle
  7733 | D:10     | Reached skill level 5 in Long Blades
  8070 | D:10     | Reached skill level 1 in Axes
  8070 | D:10     | Reached XP level 11. HP: 61/103 MP: 14/16
  8214 | D:11     | Found a labyrinth entrance.
  8218 | Lab      | Entered a labyrinth
  8244 | Lab      | Paralysed by fainting for 10 turns
  8267 | Lab      | Paralysed by fainting for 8 turns
  8285 | Lab      | Reached skill level 2 in Axes
  8429 | Lab      | Noticed a minotaur
  8444 | Lab      | Identified the Almanac of Earth
  8558 | Lab      | Banished a minotaur
  8558 | Lab      | Reached skill level 3 in Axes
  8569 | D:11     | Reached skill level 4 in Axes
  8709 | D:11     | Reached skill level 5 in Axes
  8717 | D:11     | Noticed a two-headed ogre
  8738 | D:11     | Killed a two-headed ogre
  8738 | D:11     | Reached skill level 6 in Axes
  8756 | D:11     | Reached skill level 7 in Axes
  9038 | D:11     | Reached skill level 8 in Axes
  9056 | D:11     | Reached ***** piety under Trog
  9128 | D:11     | Found a shadowy altar of Dithmenos.
  9638 | D:11     | Noticed a cyan ugly thing
  9638 | D:11     | Noticed a white ugly thing
  9638 | D:11     | Noticed a cyan ugly thing
  9639 | D:11     | Noticed a cyan ugly thing
  9657 | D:11     | HP: 1/103 [cyan ugly thing (14)]
  9657 | D:11     | Killed a white ugly thing
  9657 | D:11     | Reached skill level 9 in Axes
  9659 | D:11     | Killed a cyan ugly thing
  9660 | D:11     | Noticed a cyan ugly thing
  9677 | D:11     | Killed a purple ugly thing
  9682 | D:11     | Killed a purple ugly thing
  9682 | D:11     | Reached skill level 10 in Axes
  9755 | D:11     | Noticed a green ugly thing
  9924 | D:11     | Noticed a wizard
  9924 | D:11     | HP: 5/103 [wizard/bolt of cold (33)]
  9926 | D:11     | Noticed a green very ugly thing
 10097 | D:11     | Killed a wizard
 10169 | D:11     | Noticed a wizard
 10188 | D:11     | Killed a wizard
 10260 | D:11     | Killed a green very ugly thing
 10260 | D:11     | Reached skill level 11 in Axes
 10260 | D:11     | Reached XP level 12. HP: 79/110 MP: 14/14
 10485 | D:8      | Killed a two-headed ogre
 10485 | D:8      | Reached skill level 12 in Axes
 10697 | Lair:1   | Entered Level 1 of the Lair of Beasts
 10733 | Lair:1   | Reached skill level 1 in Shields
 10793 | Lair:1   | Found a frozen archway.
 10833 | IceCv    | Entered an ice cave
 10964 | IceCv    | HP: 3/110 [ice statue/bolt of cold (23)]
 11355 | IceCv    | Reached skill level 5 in Shields
 11362 | IceCv    | Reached skill level 13 in Axes
 12063 | Lair:1   | Noticed a six-headed hydra
 12073 | Lair:1   | Killed a ten-headed hydra
 12441 | Lair:2   | Reached XP level 13. HP: 118/118 MP: 12/12
 12864 | Lair:2   | Noticed Fannar
 12909 | Lair:2   | Killed Fannar
 12909 | Lair:2   | Received a gift from Trog
 13096 | Lair:2   | Reached skill level 14 in Axes
 13460 | Lair:3   | Noticed Aaeron's ghost (journeyman TeAE)
 13490 | Lair:3   | Killed Aaeron's ghost
 13759 | Lair:3   | Reached skill level 10 in Fighting
 14491 | Lair:4   | Found a hole to the Spider Nest.
 14855 | Lair:4   | Found a staircase to the Shoals.
 14877 | Lair:4   | Received a gift from Trog
 15493 | Lair:5   | Reached skill level 15 in Axes
 16232 | Lair:6   | Entered Level 6 of the Lair of Beasts
 16250 | Lair:6   | Gained mutation: You resist negative energy. (rN+) [Deep Dwarf growth]
 16250 | Lair:6   | Reached XP level 14. HP: 133/133 MP: 13/13
 16345 | Lair:6   | Found a viscous altar of Jiyva.
 16345 | Lair:6   | Found a staircase to the Slime Pits.
 17126 | Lair:6   | Received a gift from Trog
 17145 | Lair:6   | Got a bloodstained broad axe {god gift}
 17256 | Lair:6   | Reached skill level 16 in Axes
 17356 | Lair:6   | Reached ****** piety under Trog
 17553 | Lair:6   | Identified the +5 broad axe of Siciwot {chop, rF- rC+++ Str-4 SInv} (Trog gifted it to you on level 6 of the Lair of Beasts)
 18015 | D:8      | Killed Jeremor's ghost
 18100 | D:6      | Killed athros's ghost
 18169 | D:8      | Bought 2 potions of heal wounds for 290 gold pieces
 18620 | D:12     | Received a gift from Trog
 18897 | D:12     | Found a staircase to the Orcish Mines.
 18958 | D:12     | Found a roughly hewn altar of Beogh.
 19322 | D:13     | Received a gift from Trog
 19727 | D:13     | Reached XP level 15. HP: 92/146 MP: 15/15
 19975 | D:13     | Noticed Maurice
 19988 | D:13     | Killed Maurice
 20051 | D:13     | Found Gaer's General Store.
 20176 | D:13     | Reached skill level 10 in Evocations
 20212 | D:13     | Found a shimmering altar of Xom.
 20621 | D:14     | Found a gate to the Vaults.
 21085 | D:14     | Received a gift from Trog
 21249 | D:14     | Reached skill level 17 in Axes
 21825 | D:15     | Entered Level 15 of the Dungeon
 22529 | D:15     | Found a shimmering altar of Xom.
 22836 | D:15     | Found a staircase to the Depths.
 22836 | D:15     | Noticed a frost giant
 22844 | D:15     | Killed a frost giant
 22970 | Orc:1    | Entered Level 1 of the Orcish Mines
 22989 | Orc:1    | Noticed Snorg
 23011 | Orc:1    | Killed Snorg
 23011 | Orc:1    | Received a gift from Trog
 23136 | Orc:1    | Found a runed door.
 23155 | Orc:1    | Found the +10 large shield of Ignorance {rN+ Int-4}
 23254 | Orc:1    | Found a runed door.
 23545 | Orc:1    | HP: 6/148 [orc warrior/halberd[an orange crystal statue] (2)]
 23546 | Orc:1    | Slain by an ettin

Skill      XL: |  1  2  3  4  5  6  7  8  9 10 11 12 13 14 15 |
---------------+----------------------------------------------+-----
Spellcasting   | 2 |  2.0
Ice Magic      | 3 |  3.0
Armour         | 2 3 4 6 8 11 12 | 12.6
Fighting       | 1 2 3 5 7 8 10 12 13 | 13.2
Polearms       | 1 2 3 |  3.0
Evocations     | 2 8 9 12 | 12.5
Dodging        | 3 5 |  5.0
Long Blades    | 5 |  5.6
Axes           | 1 11 13 15 16 17 | 17.4
Shields        | 6 8 |  8.0
Stealth        | |  2.9
Conjurations   | |  0.8

Action                   |  1- 3 |  4- 6 |  7- 9 | 10-12 | 13-15 || total
-------------------------+-------+-------+-------+-------+-------++-------
Melee: Unarmed           |     7 |       |       |       |       ||     7
       Dagger            |     3 |       |       |       |       ||     3
       Short sword       |    59 |       |       |       |       ||    59
       Spear             |    26 |    85 |   388 |   603 |       ||  1102
       Quarterstaff      |    21 |       |       |       |       ||    21
       Broad axe         |       |       |       |   419 |  2220 ||  2639
Throw: Tomahawk          |       |       |     6 |       |       ||     6
       Throwing net      |       |       |     1 |       |       ||     1
 Cast: Freeze            |    29 |       |       |       |       ||    29
Invok: Burn Spellbooks   |     1 |     1 |       |     2 |       ||     4
       Berserk           |       |       |     2 |    13 |    12 ||    27
       Trog's Hand       |       |       |       |     9 |     8 ||    17
 Abil: Heal Wounds       |     1 |     2 |    14 |    27 |     1 ||    45
Evoke: Wand              |       |       |     3 |    25 |     7 ||    35
       Lamp of fire      |       |       |       |     2 |     3 ||     5
       Lightning rod     |       |       |       |       |     6 ||     6
  Use: Scroll            |     1 |     5 |     9 |    12 |    14 ||    41
       Potion            |       |       |       |     2 |       ||     2
 Stab: Sleeping          |     4 |     3 |     2 |       |       ||     9
       Paralysed         |       |       |       |     2 |       ||     2
       Confused          |       |       |       |       |     2 ||     2
  Eat: Chunk             |     3 |     3 |    14 |    19 |    46 ||    85
       Ration            |       |       |       |    10 |     3 ||    13
Armor: Robe              |     7 |       |       |       |       ||     7
       Leather armour    |    20 |       |       |       |       ||    20
       Ring mail         |    12 |    14 |    41 |       |       ||    67
       Plate armour      |       |       |   151 |   602 |  1931 ||  2684
Dodge: Dodged            |   100 |    51 |   113 |   309 |  1040 ||  1613
Block: Buckler           |       |       |       |    74 |   713 ||   787
